 Dungeon Sprint DCSS version 0.19-a0-82-gd3566c2 (webtiles) character file.

4540 Kidiri the Covert (level 10, 0/56 HPs)
             Began as a Spriggan Assassin on May 15, 2016.
             Was the Champion of Dithmenos.
             Killed by an exploding giant spore (21 damage)
             ... in the Dungeon (Sprint III: "The Ten Rune Challenge").
             The game lasted 00:12:09 (2066 turns).

Kidiri the Covert (Spriggan Assassin)               Turns: 2066, Time: 00:12:09

Health: 0/56       AC:  5    Str:  7    XL:     10   Next: 17%
Magic:  23/25      EV: 29    Int: 18    God:    Dithmenos [******]
Gold:   34         SH:  0    Dex: 18    Spells: 6 memorised, 17 levels left

rFire  + . .     SeeInvis +     a - +2 dagger
rCold  . . .     Gourm    .     o - +2 robe
rNeg   . . .     Faith    .     (shield restricted)
rPois  .         Spirit   .     (helmet restricted)
rElec  .         Dismiss  .     d - +0 cloak
rCorr  .         Reflect  .     (gloves unavailable)
SustAt .         Harm     .     (boots unavailable)
MR     ++...     Clarity  +     (no amulet)
Stlth  ++++++++++ NoTele   +    (no ring)
                                (no ring)

@: wreathed by umbra, repel missiles, very quick, very resistant to hostile
enchantments, uncannily stealthy
A: unfitting armour, antennae 1, talons 1, see invisible, clarity, clever 1,
fire resistance 1, herbivore 3, speed 3, magic resistance 1, robust 1, slow
metabolism 2
a: Shadow Step, Shadow Form, Renounce Religion


You were in the Dungeon.
You worshipped Dithmenos.
Dithmenos was exalted by your worship.
You were not hungry.

You visited 1 branch You collected 34 gold pieces.

Inventory:

Hand Weapons
 a - a +2 dagger (weapon)
 b - a +0 blowgun
Missiles
 f - 2 curare-tipped needles
 y - 6 poisoned needles
 z - 9 throwing nets (quivered)
Armour
 d - a +0 cloak (worn)
 o - a +2 robe (worn)
Wands
 e - a wand of iceblast (6/15)
 x - a wand of polymorph (5/24)
Scrolls
 m - a scroll of blinking
 p - a scroll of holy word {unknown}
 q - a scroll of enchant weapon {unknown}
 r - 3 scrolls of remove curse
 t - a scroll of immolation {unknown}
 u - a scroll of fog {unknown}
Potions
 h - a potion of berserk rage
 i - a potion of heal wounds
 j - a potion of haste
 k - 2 potions of magic
 l - a potion of might
 n - 3 potions of flight {unknown}
 s - 2 potions of cure mutation {unknown}
 w - a potion of lignification {unknown}
Miscellaneous
 c - a plain deck of defence
Comestibles
 g - a bread ration
 v - 27 royal jellies


   Skills:
 + Level 5.5 Fighting
 * Level 10.1 Short Blades
 + Level 6.1 Throwing
 + Level 4.6 Armour
 * Level 12.4 Dodging
 * Level 13.9 Stealth
 * Level 10.3 Spellcasting
 + Level 3.0 Conjurations
 + Level 5.2 Hexes
 + Level 6.2 Charms
 + Level 3.7 Summonings
 + Level 5.9 Translocations
 + Level 3.8 Air Magic
 + Level 4.4 Poison Magic
 - Level 2.8 Invocations
 + Level 6.2 Evocations


You had 17 spell levels left.
You knew the following spells:

 Your Spells              Type           Power        Failure   Level  Hunger
a - Magic Dart            Conj           ###.         1%          1    None
b - Blink                 Tloc           N/A          1%          2    None
c - Call Imp              Summ           ###.....     2%          2    None
d - Repel Missiles        Chrm/Air       ####..       1%          2    None
e - Slow                  Hex            ####....     1%          2    None
f - Mephitic Cloud        Conj/Pois/Air  ###.....     6%          3    None


Dungeon Overview and Level Annotations

Branches:
Dungeon (1/1)

Altars:
Cheibriados
Dithmenos
Elyvilon
Fedhas
Gozag
Kikubaaqudgha
Makhleb
Nemelex Xobeh
Okawaru
Pakellas
Qazlal
Ru
Sif Muna
Trog
Vehumet
Xom
Yredelemnul
Zin
The Shining One
Jiyva
Lugonu

Annotations:
D exclusion: 2 doors


Innate Abilities, Weirdness & Mutations

You are tiny and cannot use many weapons and most armour.
You have supernaturally acute eyesight.
You are a herbivore.
You cover ground extremely quickly.
You need consume almost no food.
You have a pair of small antennae on your head.
You have sharp toenails.
You possess an exceptional clarity of mind.
Your mind is acute. (Int +2)
Your flesh is heat resistant.
You are resistant to hostile enchantments.
You are robust (+10% HP).


Message History

The spiny frog misses you.
Your unstable footing causes you to fumble your attack.
You closely miss the spiny frog.
The spiny frog is lightly wounded.
The spiny frog stings you!!
You emit a cloud of dark smoke.
Unknown command.
Your unstable footing causes you to fumble your attack.
The komodo dragon bites the spiny frog.
The spiny frog stings you!
You emit a cloud of dark smoke.
You enter the shallow water.
Moving in this stuff is going to be slow.
The spiny frog completely misses you. The spiny frog misses you.
The spiny frog misses you.
The giant spore waves its rhizomes.
The giant spore explodes!
The spiny frog appears confused.
The explosion of spores engulfs the spiny frog.
The explosion of spores engulfs the plant.
The explosion of spores engulfs you!
You feel momentarily confused.
You die...

...#$$# ##'#$$#
...#+###########################
...#....#.#.#.....#......'%%%≈≈#
...##)#..#.##.###.#......#.%.≈≈##
...'##.#.#.##.#..##......#%%%%≈≈≈
...#)..#..#..##.)'.......#...≈≈≈≈
▓▓▓▓▓▓▓▓▓▓▓▓▓▓▓▓▓#.......#.......
§§§.§......≈≈FF.@#.......#.......
♣§§≈≈§≈≈≈≈≈≈≈♣♣..'.......#.......
♣♣♣♣♣♣♣♣♣♣♣♣♣♣♣PP#.......########
♣♣♣##+######


You could see 2 spiny frogs.

Vanquished Creatures
  Erolcha (D)
  A deep elf mage (D)
  3 wandering mushrooms (D)
  A queen bee (D)
  2 redbacks (D)
  A shadow (D)
  2 hill giants (D)
  A necrophage (D)
  3 two-headed ogres (D)
  A water elemental (D)
  A scorpion (D)
  25 killer bees (D)
  A jelly (D)
  A wizard (D)
  Jessica (D)
  A necromancer (D)
  3 humans (D)
  A kobold demonologist (D)
  An ooze (D)
  2 rats (D)
53 creatures vanquished.

Vanquished Creatures (collateral kills)
  5 killer bees (D)
5 creatures vanquished.

Vanquished Creatures (others)
  2 draconian scorchers (D)
  3 yaktaurs (D)
  2 killer bees (D)
  3 plants (D)
10 creatures vanquished.

Grand Total: 68 creatures vanquished

Notes
Turn   | Place    | Note
--------------------------------------------------------------
     0 | D        | Kidiri the Spriggan Assassin began the quest for the Orb.
     0 | D        | Reached XP level 1. HP: 10/10 MP: 2/2
     4 | D        | Reached skill level 1 in Spellcasting
    63 | D        | Killed a yaktaur
   183 | D        | Killed a white draconian scorcher
   225 | D        | Killed a white draconian scorcher
   301 | D        | Reached skill level 6 in Stealth
   418 | D        | Killed a yaktaur
   461 | D        | Noticed Jessica
   465 | D        | Killed Jessica
   465 | D        | Reached skill level 1 in Armour
   465 | D        | Reached skill level 7 in Stealth
   465 | D        | Reached XP level 2. HP: 15/15 MP: 5/7
   465 | D        | Reached XP level 3. HP: 18/18 MP: 5/8
   521 | D        | Noticed a scorpion
   528 | D        | Killed a scorpion
   528 | D        | Reached skill level 5 in Dodging
   528 | D        | Reached skill level 8 in Stealth
   528 | D        | Reached XP level 4. HP: 23/23 MP: 11/11
   540 | D        | Gained mutation: Your flesh is heat resistant. [potion of mutation]
   540 | D        | Gained mutation: You possess an exceptional clarity of mind. [potion of mutation]
   540 | D        | Gained mutation: You have a pair of small antennae on your head. [potion of mutation]
   541 | D        | Gained mutation: You are resistant to hostile enchantments. [potion of mutation]
   541 | D        | Gained mutation: You are robust (+10% HP). [potion of mutation]
   542 | D        | Gained mutation: You have sharp toenails. [potion of mutation]
   542 | D        | Gained mutation: Your mind is acute. (Int +2) [potion of mutation]
   583 | D        | Noticed a water elemental
   586 | D        | Killed a water elemental
   586 | D        | Reached skill level 5 in Short Blades
   586 | D        | Reached skill level 9 in Stealth
   586 | D        | Reached skill level 5 in Spellcasting
   586 | D        | Reached XP level 5. HP: 30/30 MP: 11/13
   606 | D        | Noticed a shadow
   634 | D        | Killed a shadow
   634 | D        | Reached skill level 10 in Stealth
   634 | D        | Reached XP level 6. HP: 35/35 MP: 13/16
   770 | D        | Killed a yaktaur
   900 | D        | Found an oddly glowing altar of Pakellas.
   900 | D        | Found a stormy altar of Qazlal.
   901 | D        | Found a sacrificial altar of Ru.
   901 | D        | Found a burning altar of Makhleb.
   901 | D        | Found a viscous altar of Jiyva.
   901 | D        | Found a shimmering altar of Xom.
   901 | D        | Found a shadowy altar of Dithmenos.
   901 | D        | Found a sparkling altar of Nemelex Xobeh.
   901 | D        | Found a corrupted altar of Lugonu.
   901 | D        | Found an opulent altar of Gozag.
   901 | D        | Noticed a spatial vortex
   905 | D        | Became a worshipper of Dithmenos the Shadowed
  1017 | D        | Found a radiant altar of Vehumet.
  1018 | D        | Found a deep blue altar of Sif Muna.
  1018 | D        | Found an ancient bone altar of Kikubaaqudgha.
  1021 | D        | Reached * piety under Dithmenos
  1021 | D        | Reached skill level 1 in Invocations
  1030 | D        | Learned a level 1 spell: Magic Dart
  1033 | D        | Learned a level 2 spell: Blink
  1036 | D        | Learned a level 2 spell: Call Imp
  1039 | D        | Learned a level 2 spell: Repel Missiles
  1042 | D        | Learned a level 2 spell: Slow
  1046 | D        | Learned a level 3 spell: Mephitic Cloud
  1056 | D        | Found a glowing silver altar of Zin.
  1057 | D        | Found a glowing golden altar of the Shining One.
  1057 | D        | Found a white marble altar of Elyvilon.
  1057 | D        | Noticed a deep elf mage
  1059 | D        | Killed a deep elf mage
  1059 | D        | Reached skill level 11 in Stealth
  1059 | D        | Reached skill level 1 in Conjurations
  1059 | D        | Reached skill level 1 in Summonings
  1059 | D        | Reached skill level 1 in Air Magic
  1059 | D        | Reached skill level 1 in Poison Magic
  1059 | D        | Reached XP level 7. HP: 40/40 MP: 19/19
  1082 | D        | Found an iron altar of Okawaru.
  1083 | D        | Found a bloodstained altar of Trog.
  1083 | D        | Noticed a human
  1083 | D        | Noticed a human
  1085 | D        | Killed a human
  1086 | D        | Killed a human
  1086 | D        | Reached ** piety under Dithmenos
  1086 | D        | Reached skill level 10 in Dodging
  1086 | D        | Reached XP level 8. HP: 46/46 MP: 21/21
  1100 | D        | Found a basalt altar of Yredelemnul.
  1100 | D        | Found a snail-covered altar of Cheibriados.
  1100 | D        | Found a blossoming altar of Fedhas.
  1102 | D        | Reached skill level 12 in Stealth
  1140 | D        | Reached *** piety under Dithmenos
  1302 | D        | Noticed Erolcha
  1365 | D        | Reached skill level 5 in Throwing
  1437 | D        | Killed Erolcha
  1437 | D        | Reached **** piety under Dithmenos
  1437 | D        | Reached skill level 5 in Fighting
  1437 | D        | Reached XP level 9. HP: 31/51 MP: 10/23
  1476 | D        | Reached skill level 13 in Stealth
  1494 | D        | Reached skill level 5 in Charms
  1494 | D        | Reached skill level 5 in Translocations
  1685 | D        | Noticed an orc knight
  1712 | D        | Noticed a queen bee
  1715 | D        | Killed a queen bee
  1715 | D        | Reached ***** piety under Dithmenos
  1715 | D        | Reached skill level 5 in Evocations
  1742 | D        | Reached ****** piety under Dithmenos
  1759 | D        | Reached skill level 10 in Spellcasting
  1790 | D        | Reached XP level 10. HP: 18/56 MP: 12/25
  1881 | D        | Reached skill level 5 in Hexes
  1883 | D        | Reached skill level 10 in Short Blades
  2040 | D        | Noticed a spiny frog
  2040 | D        | Noticed a spiny frog
  2066 | D        | Killed by an exploding giant spore

Vault maps used:
D:        dungeon_sprint_mu

Skill      XL: |  1  2  3  4  5  6  7  8  9 10 |
---------------+-------------------------------+-----
Spellcasting   | 3 4 5 6 7 8 9 10 | 10.3
Dodging        | 4 5 6 8 9 10 11 12 | 12.4
Stealth        | 7 8 9 10 11 12 13 | 13.9
Fighting       | 2 3 4 5 |  5.5
Short Blades   | 3 4 5 6 7 9 10 | 10.1
Armour         | 1 2 3 4 |  4.6
Throwing       | 3 4 5 6 |  6.1
Invocations    | 2 |  2.8
Conjurations   | 1 2 3 |  3.0
Hexes          | 2 4 5 |  5.2
Charms         | 2 3 4 5 6 |  6.2
Summonings     | 1 2 3 |  3.7
Translocations | 2 3 4 5 |  5.9
Air Magic      | 1 3 |  3.8
Poison Magic   | 1 2 3 4 |  4.4
Evocations     | 2 4 5 6 |  6.2

Action                   |  1- 3 |  4- 6 |  7- 9 | 10-12 || total
-------------------------+-------+-------+-------+-------++-------
Melee: Dagger            |    17 |    19 |   105 |    12 ||   153
       Kick              |       |     6 |    28 |     1 ||    35
 Fire: Blowgun           |       |       |     9 |       ||     9
 Cast: Magic Dart        |       |       |    29 |       ||    29
       Mephitic Cloud    |       |       |    11 |     1 ||    12
       Slow              |       |       |     2 |       ||     2
       Repel Missiles    |       |       |     1 |     1 ||     2
Invok: Shadow Step       |       |       |       |     3 ||     3
  Use: Potion            |       |     5 |       |       ||     5
 Stab: Sleeping          |     5 |     4 |     9 |     3 ||    21
       Confused          |       |       |    15 |       ||    15
Armor: Robe              |     1 |       |       |     1 ||     2
Dodge: Dodged            |     8 |     3 |    64 |     7 ||    82
       Deflected         |       |       |     1 |       ||     1
